Map: Dusk Towers

Players

Miszu - Winner!

  • Race: Terran Terran
  • League: Master

HeltEn

  • Race: Terran Terran
  • League: Master

VOD

Have the link to the VOD?

Description

Time

  • Played on: Feb. 5, 2016, 4:15 p.m.
  • Length: 13:31
Show
View Real Time Build Order
Export as new Build Order

Miszu Terran - Winner!

Build Orders: MMM Bio 

Get SALT Encoding   

  12  0:02  SCV  
  13  0:14  SCV  
  13  0:18  Supply Depot  
  14  0:28  SCV  
  15  0:40  SCV  
  16  0:43  Barracks  
  16  0:47  Refinery  
  16  0:52  SCV  
  17  1:04  SCV  
  18  1:16  SCV  
  19  1:30  Barracks Reactor, Orbital Command  
  19  1:42  Command Center  
  19  1:50  Supply Depot  
  19  1:55  SCV  
  20  2:07  Marine  
  20  2:08  Marine  
  22  2:09  SCV  
  22  2:11  Factory  
  23  2:19  Bunker  
  23  2:21  SCV  
  24  2:25  Marine  
  24  2:27  Marine  
  26  2:33  SCV  
  26  2:36  Refinery  
  27  2:43  Marine  
  28  2:44  Marine  
  28  2:48  SCV  
  30  2:55  Starport  
  30  2:56  Factory Tech Lab  
  30  3:01  SCV  
  31  3:06  Orbital Command  
  31  3:13  SCV  
  31  3:14  Marine x2  
  34  3:26  SCV  
  35  3:28  Engineering Bay  
  34  3:39  SCV  
  29  3:46  Cyclone  
  29  3:47  Viking  
  35  3:54  SCV  
  35  3:55  SCV  
  36  3:59  Missile Turret  
  36  4:02  Missile Turret  
  34  4:06  SCV  
  34  4:07  SCV  
  36  4:18  SCV  
  36  4:19  SCV  
  38  4:31  SCV x2  
  40  4:43  SCV x2  
  42  4:55  Command Center, SCV x2  
  42  4:57  Starport Reactor  
  44  5:00  Supply Depot  
  44  5:02  Barracks Tech Lab  
  44  5:07  Barracks  
  44  5:10  Barracks  
  44  5:12  SCV  
  46  5:14  SCV  
  46  5:20  Terran Infantry Weapons Level 1  
  46  5:24  SCV  
  46  5:26  SCV  
  46  5:27  Refinery  
  48  5:30  Supply Depot  
  48  5:31  Refinery  
  48  5:35  Stimpack  
  48  5:36  SCV  
  48  5:38  SCV  
  48  5:39  Siege Tank  
  53  5:48  SCV  
  54  5:51  SCV  
  54  5:52  Supply Depot  
  54  5:54  Marine  
  54  5:55  Marine x2  
  54  5:56  Barracks Tech Lab  
  58  5:57  Medivac  
  58  6:00  SCV  
  58  6:03  SCV  
  62  6:07  Supply Depot  
  62  6:08  Orbital Command  
  62  6:11  Marine  
  62  6:14  Siege Tank  
  62  6:15  Supply Depot  
  62  6:17  Combat Shields  
  62  6:18  Marine  
  66  6:19  Marine  
  66  6:24  Barracks  
  68  6:27  Barracks  
  68  6:28  Marine  
  68  6:30  Marine  
  70  6:33  SCV  
  70  6:36  Marine  
  70  6:37  Medivac  
  70  6:38  Medivac  
  76  6:46  Supply Depot  
  76  6:48  Marine  
  76  6:49  Marine  
  78  6:57  Marine  
  78  6:58  Siege Tank  
  82  7:02  SCV x2  
  84  7:10  Marine, Sensor Tower  
  84  7:11  Orbital Command  
  86  7:17  Barracks Reactor x2, Marine  
  86  7:18  Medivac x2  
  87  7:36  Marine x4  
  86  7:54  Marine x2  
  86  7:57  Orbital Command  
  83  8:04  Marine, SCV x2  
  82  8:12  Marine x7  
  83  8:14  Siege Tank  
  83  8:15  Medivac x2  
  83  8:16  SCV x2  
  98  8:22  Marine  
  98  8:23  SCV  
  98  8:24  Refinery  
  100  8:28  SCV  
  101  8:43  Sensor Tower, SCV  
  101  9:05  Supply Depot, Marine x3, Medivac x2, SCV  
  101  9:07  Supply Depot  
  101  9:08  Supply Depot, Refinery  
  101  9:09  Refinery  
  109  9:10  Supply Depot  
  109  9:12  Engineering Bay  
  109  9:15  Armory  
  109  9:26  Marine x3, Siege Tank, SCV x2  
  109  9:28  Marine x5, SCV  
  109  9:29  Supply Depot  
  123  9:35  Medivac  
  125  9:38  SCV x2  
  125  9:39  Supply Depot x2  
  125  9:40  SCV  
  125  9:44  Marine  
  129  9:50  Supply Depot, SCV x2  
  131  9:52  SCV  
  131  9:58  Siege Tank  
  135  10:00  Factory, Terran Infantry Armor Level 1  
  135  10:01  Terran Infantry Weapons Level 2  
  135  10:03  Marine, SCV  
  135  10:04  Marine x6  
  143  10:14  Marine, Medivac  
  136  10:15  Medivac  
  138  10:21  Marine  
  138  10:22  Marine x2  
  138  10:23  SCV x3  
  138  10:24  Supply Depot  
  138  10:27  Supply Depot  
  144  10:33  Marine  
  144  10:35  SCV  
  145  10:42  Marine  
  145  10:43  Marine x6  
  152  10:50  Medivac x2, Siege Tank  
  152  10:51  Marine, Terran Vehicle Weapons Level 1  
  152  10:52  Supply Depot  
  152  10:55  Supply Depot  
  152  10:56  Factory Tech Lab  
  160  10:59  Supply Depot  
  160  11:01  Missile Turret  
  160  11:04  Missile Turret  
  159  11:18  Marauder  
  161  11:20  Siege Tank  
  161  11:22  Medivac, Command Center  
  166  11:30  Marine  
  166  11:44  SCV  
  163  11:49  Marine x8  
  163  11:50  Medivac, Siege Tank  
  175  12:07  Marine x8  
  148  12:24  Marine  
  148  12:27  Marine x7  
  148  12:28  Medivac x2, Siege Tank  
  154  12:36  Siege Tank  
  157  12:42  Marine  
  158  12:44  Marine  
  158  12:45  Marine x6  
  165  13:00  Marine  
  165  13:02  Marine  
  165  13:03  Marine x3  
  173  13:06  Marine x2  
  173  13:07  Marine  
Show
View Real Time Build Order
Export as new Build Order

HeltEn Terran 

Build Orders: 1/1/1, MMM Bio, Banshee Rush 

Get SALT Encoding   

  12  0:00  SCV  
  13  0:13  SCV  
  14  0:17  Supply Depot  
  14  0:25  SCV  
  15  0:31  Refinery  
  15  0:39  SCV  
  16  0:44  Barracks  
  16  0:51  SCV  
  16  0:56  Refinery  
  17  1:03  SCV  
  18  1:15  SCV  
  19  1:32  Factory  
  19  1:33  Orbital Command  
  19  1:37  Reaper  
  20  1:44  Supply Depot  
  20  1:58  SCV  
  21  2:09  Reaper  
  21  2:12  SCV  
  23  2:16  Starport, Hellion  
  25  2:24  SCV  
  25  2:25  Supply Depot  
  26  2:37  SCV  
  27  2:38  Hellion  
  27  2:42  Barracks Tech Lab  
  29  2:49  SCV  
  30  3:04  Command Center  
  30  3:09  Cloaking Field  
  30  3:19  Banshee  
  33  3:25  SCV  
  33  3:38  SCV  
  31  3:50  SCV  
  31  3:55  Barracks Reactor, Factory Tech Lab  
  30  4:02  SCV  
  31  4:05  Raven, Barracks x2  
  33  4:14  SCV  
  33  4:16  Orbital Command  
  34  4:26  SCV  
  34  4:29  Siege Tank  
  38  4:32  Marine x2  
  38  4:38  SCV  
  41  4:44  SCV  
  42  4:50  SCV  
  40  4:54  Marine x2  
  40  4:56  Barracks Tech Lab  
  40  4:59  SCV  
  43  5:07  Starport Reactor  
  43  5:09  Command Center  
  43  5:10  Marine, Stimpack  
  43  5:13  Marine x2  
  43  5:14  Siege Tank, Combat Shields  
  46  5:17  SCV  
  46  5:18  SCV  
  51  5:23  Supply Depot  
  51  5:28  Engineering Bay  
  51  5:29  SCV  
  51  5:30  SCV  
  51  5:33  Marine  
  54  5:45  Marine x3, SCV  
  54  5:46  Supply Depot  
  54  5:47  Supply Depot  
  54  5:48  SCV  
  59  5:57  Terran Infantry Weapons Level 1  
  59  5:59  Refinery, SCV  
  59  6:00  Refinery  
  59  6:02  Marine  
  59  6:03  SCV  
  62  6:07  Marine  
  62  6:08  Medivac  
  62  6:09  Medivac  
  62  6:11  Marine x2  
  67  6:14  SCV  
  67  6:17  SCV  
  71  6:23  Marine  
  72  6:30  Marine x3  
  72  6:31  SCV x2  
  77  6:33  Orbital Command  
  77  6:37  Siege Tank  
  80  6:42  Medivac  
  82  6:51  Marine x2  
  84  6:57  Marine x2, Orbital Command  
  86  7:01  Barracks  
  86  7:02  Barracks, SCV x2  
  88  7:10  Marine x2  
  90  7:15  Supply Depot  
  90  7:17  Supply Depot  
  90  7:18  Medivac  
  92  7:36  Medivac  
  93  7:38  Marine x2  
  93  7:41  Marine  
  93  7:42  Marine  
  97  7:56  Marine  
  97  8:03  Marine x3  
  89  8:06  Barracks Reactor x2, SCV x3  
  87  8:18  SCV x3  
  87  8:19  Medivac x2  
  94  8:23  Marine x4  
  94  8:26  Terran Infantry Armor Level 1  
  98  8:33  Barracks x2  
  98  8:35  Engineering Bay, Barracks, Armory  
  98  8:41  Marine x3  
  101  8:49  Medivac  
  101  8:51  Marine x5  
  105  8:55  Siege Tank  
  105  8:59  Marine x3  
  105  9:02  Supply Depot x3  
  109  9:07  SCV x3  
  109  9:08  Missile Turret  
  109  9:09  Marine, Missile Turret  
  113  9:12  Marine x4  
  113  9:15  Missile Turret  
  117  9:22  Terran Infantry Weapons Level 2  
  117  9:23  Marine  
  118  9:27  Barracks Reactor x3  
  118  9:28  Medivac  
  118  9:29  Medivac  
  118  9:31  Sensor Tower  
  122  9:35  Marine x4  
  122  9:36  Marine  
  127  9:45  Factory  
  127  9:48  Refinery  
  127  9:49  SCV x3  
  130  9:54  Siege Tank  
  130  9:57  Marine  
  130  9:58  Marine x4  
  137  10:02  Marine x2  
  137  10:04  Marine x2  
  141  10:07  Terran Vehicle Weapons Level 1  
  141  10:12  Marine  
  141  10:13  Marine  
  141  10:20  Marine  
  141  10:34  Factory Tech Lab  
  141  10:37  Refinery  
  141  10:39  Marine x4  
  141  10:40  Marine x3, Siege Tank  
  141  10:44  Supply Depot  
  141  10:46  Supply Depot  
  141  10:48  Supply Depot x2  
  141  10:58  Command Center  
  141  11:02  Sensor Tower  
  141  11:06  Marine x8  
  141  11:07  Marine x6  
  155  11:13  Medivac x2  
  159  11:19  Siege Tank  
  161  11:27  Marine  
  161  11:28  Marine x4  
  157  11:48  Marine x12  
  157  11:49  Marine x2  
  163  12:06  Marine x2, Siege Tank x2  
  171  12:11  Supply Depot x3  
  162  12:19  Marine x3  
  137  12:26  Marine  
  137  12:27  Marine x4  
  137  12:28  Medivac x2  
  124  12:36  Marine x6  
  124  12:37  Marine x2  
  117  12:49  Marine x5  
  122  12:51  Siege Tank  
  122  12:52  Siege Tank  
  128  13:07  Marine x8  
Tags
 
Composition
MMM BioMMM Bio
Matchup
TvT
Opening
1/1/1
Race
Terran
Strategy
Banshee Rush
Add a new tag
Caveats
  • Supply blocks, unpowered buildings, or Contaminate may cause inaccurate times.
  • Supply counts are checked every 10 seconds.